 Dungeon Crawl Stone Soup version 0.20.1-1-g8b1a95d (webtiles) character file.

26821 Berahthraban the Blocker (level 13, -2/107 HPs)
             Began as a Pale Draconian Conjurer on Sept 11, 2017.
             Was an Elder of Sif Muna.
             Slain by a death yak (12 damage)
             ... on level 5 of the Lair of Beasts on Sept 12, 2017.
             The game lasted 04:24:53 (17183 turns).

Berahthraban the Blocker (Pale Draconian Conjurer) Turns: 17183, Time: 04:24:53

Health: -2/107     AC: 10    Str: 16    XL:     13   Next: 1%
Magic:  2/23       EV: 19    Int: 20    God:    Sif Muna [****..]
Gold:   953        SH: 13    Dex: 17    Spells: 13/25 levels left

rFire    . . .     SeeInvis .   N - +4 scimitar (freeze)
rCold    . . .     Gourm    .   w - +0 shield "Jahin" {MR+ Str+6} (curse)
rNeg     + . .     Faith    +   (armour unavailable)
rPois    .         Spirit   .   (helmet restricted)
rElec    +         Reflect  .   D - +0 cloak
rCorr    .         Harm     .   (no gloves)
MR       +....                  e - +0 pair of boots
Stlth    ++++......             c - amulet of faith
Regen    0.3/turn               X - +4 ring of dexterity
MPRegen  0.2/turn               T - ring "Kulyjorr" {rElec rN+ Slay+2 Stlth+}

@: short of breath, divine energy
A: breathe steam, unfitting armour, cold-blooded, AC +8
a: Breathe Steam, Stop Divine Energy, Channel Magic, Forget Spell, Renounce
Religion


You were on level 5 of the Lair of Beasts.
You worshipped Sif Muna.
Sif Muna was greatly pleased with you.
You were not hungry.

You visited 3 branches of the dungeon, and saw 18 of its levels.

You collected 1018 gold pieces.
You spent 65 gold pieces at shops.

Inventory:

Hand Weapons
 h - a +1 dire flail of protection
 N - a +4 scimitar of freezing (weapon)
 U - a +4 scimitar of flaming
Armour
 e - a +0 pair of boots (worn)
 w - the cursed +0 shield "Jahin" (worn) {MR+ Str+6}
   (You found it on level 11 of the Dungeon)

   It affects your strength (+6).
   It affects your resistance to hostile enchantments.
   It has a curse placed upon it.
 D - a +0 cloak (worn)
 J - a +2 shield
Jewellery
 c - an amulet of faith (around neck)
 x - a +2 ring of intelligence
 z - an uncursed ring of resist corrosion
 O - an uncursed amulet of the gourmand
 T - the ring "Kulyjorr" (right hand) {rElec rN+ Slay+2 Stlth+}
   (You found it on level 11 of the Dungeon)

   [ring of positive energy]

   It affects your accuracy and damage with ranged weapons and melee attacks
   (+2).
   It insulates you from electricity.
   It protects you from negative energy.
   It makes you more stealthy.
 X - a +4 ring of dexterity (left hand)
Wands
 a - a wand of iceblast (4/15)
 d - a wand of iceblast (8/15)
 l - a wand of iceblast (4/15)
 t - a wand of acid (8/15)
 u - a wand of confusion (16/48)
 B - a wand of scattershot (4/9)
 C - a wand of lightning (5/15)
 H - a wand of digging (14/24)
 M - a wand of disintegration (11/24)
 Q - a wand of confusion (22/48)
 S - a wand of confusion (18/48)
 Y - a wand of disintegration (10/24)
Scrolls
 i - a scroll of silence
 n - 5 scrolls of magic mapping
 q - 2 scrolls of enchant weapon
 y - a scroll of holy word
 E - a scroll of summoning {unknown}
 G - 3 scrolls of recharging
 I - a scroll of teleportation
 L - a scroll of noise {unknown}
 P - a scroll of remove curse
 V - a scroll of amnesia
Potions
 f - 3 potions of might
 g - 3 potions of brilliance
 j - 5 potions of berserk rage
 p - a potion of magic
 r - 3 potions of mutation
 s - 2 potions of invisibility
 v - a potion of ambrosia
 A - a potion of lignification
 W - a potion of resistance {unknown}
Books
 o - a book of Maledictions

   Spells                             Type                      Level
   a - Corona                         Hexes                        1
   b - Ensorcelled Hibernation        Hexes/Ice                    2
   c - Confuse                        Hexes                        3
   d - Tukima's Dance                 Hexes                        3
   e - Dazzling Spray                 Conjuration/Hexes            3
 K - a book of Changes

   Spells                             Type                      Level
   a - Beastly Appendage              Transmutation                1
   b - Sticks to Snakes               Transmutation                2
   c - Spider Form                    Transmutation/Poison         3
   d - Ice Form                       Ice/Transmutation            4
   e - Blade Hands                    Transmutation                5
Comestibles
 b - 14 bread rations
 k - 10 meat rations
 m - 16 royal jellies
 F - 5 fruits
 R - 3 chunks of flesh


   Skills:
 + Level 8.2 Fighting
 * Level 9.6 Dodging
 - Level 3.7 Stealth
 + Level 12.7 Shields
 + Level 6.9 Spellcasting
 + Level 8.6 Conjurations
 - Level 4.0 Translocations
 + Level 4.4 Air Magic
 - Level 3.0 Poison Magic


You had 13 spell levels left.
You knew the following spells:

 Your Spells              Type           Power        Failure   Level  Hunger
a - Magic Dart            Conj           ####         1%          1    None
b - Searing Ray           Conj           #####.       1%          2    None
c - Iskenderun's Mystic   Conj           #####...     3%          4    ###....
d - Mephitic Cloud        Conj/Pois/Air  ####....     4%          3    #......
e - Blink                 Tloc           N/A          3%          2    None


Dungeon Overview and Level Annotations

Branches:
Dungeon (12/15)            Temple (1/1) D:4            Lair (5/6) D:11
 Shoals (0/4) Lair:4       Spider (0/4) Lair:2          Orc (0/2) D:11
  Slime: Lair:5-6

Altars:
Dithmenos
Elyvilon
Fedhas
Gozag
Hepliaklqana
Makhleb
Nemelex Xobeh
Okawaru
Ru
Sif Muna
Uskayaw
Yredelemnul
Zin
The Shining One
Beogh

Shops:
D:4 !   D:10 *

Annotations:
D:1 cleared
D:2 cleared
D:3 cleared
D:4 cleared, exclusion: downstairs
D:5 cleared
D:6 cleared, 1 exclusion
D:7 clleared
D:8 cleared
D:9 cleared
D:10 cleared
D:11 !fire giant
D:12 !8HH
Lair:1 cleared, exclusion: upstairs
Lair:2 !7HH, exclusion: 4 death yaks, Gastronok
Lair:3 otherwise cleared, exclusions: downstairs and oklob plant
Lair:4 cleared


Innate Abilities, Weirdness & Mutations

You can breathe blasts of scalding, opaque steam.
Your pale cyan-grey scales are hard. (AC +8)
You cannot fit into any form of body armour.
You are cold-blooded and may be slowed by cold attacks.


Message History

The searing ray hits the death yak.
The death yak is almost dead.
The death yak gores you!!
* * * LOW HITPOINT WARNING * * *
Okay, then.
Okay, then.
Okay, then.
Press: ? - help, v - describe, . - travel
Here: a death yak (severely wounded)
The floor, spattered with blood.
The searing ray hits the death yak.
The death yak is almost dead.
You finish channeling your searing ray.
The death yak gores you but does no damage.
Press: ? - help, Shift-Dir - straight line, f/p - death yak
Aim: a death yak (almost dead)
You exhale a blast of scalding steam.
The ball of steam hits the death yak.
The death yak is almost dead.
You feel somewhat more hungry. The death yak gores you!
You die...

..........##.....#.#
...............>..###
..........Y..#......#
.........##........##
........#.#.P......#
......Y#.##.......##
...Y... ###.Y..PP.##
....Y.###......###.#
.....###.#.....#@###
....# #......YYY##
.... #.......§Y# ...
##P..##..[##
##P.###P..# ####
#####


You could see 4 death yaks.

Vanquished Creatures
  An ogre mage (D:11)
  4 hydras
  2 two-headed ogres (D:11)
  Pikel (D:6)
  An ugly thing (D:10)
  A cyclops (D:12)
  2 black mambas
  A merfolk siren (Lair:4)
  Maurice (D:11)
  A gargoyle (D:12)
  2 spiny frogs
  A rime drake (Lair:1)
  8 komodo dragons
  An efreet (D:11)
  A jumping spider (Lair:2)
  A queen bee (D:10)
  6 hippogriffs
  10 blink frogs
  A redback (Lair:2)
  A wraith (D:12)
  3 shadows
  14 yaks
  A spriggan (D:7)
  Eustachio (D:5)
  A basilisk (D:11)
  Edmund (D:5)
  A soldier ant (D:11)
  6 water moccasins
  9 porcupines
  11 ice beasts
  4 orc warriors
  3 slaves (D:6)
  A phantom (D:7)
  3 black bears
  2 necrophages
  3 ogres
  5 wolves (Lair:4)
  5 centaurs
  9 crocodiles
  A big kobold (D:8)
  12 bullfrogs
  2 gnoll sergeants
  A wyvern skeleton (D:6)
  4 scorpions
  9 wights
  17 killer bees (D:10)
  2 howler monkeys
  3 electric eels (D:10)
  3 bullfrog zombies
  3 centaur zombies
  3 crimson imps
  5 hounds
  4 orc priests
  3 jellies
  4 centaur skeletons
  Ijyb (D:5)
  An iguana (D:7)
  4 orc wizards
  7 worker ants
  14 gnolls
  A howler monkey skeleton (D:6)
  6 adders
  A shadow imp (D:10)
  An ooze (D:6)
  An adder zombie (D:8)
  An adder skeleton (D:5)
  5 worms
  A dart slug (D:2)
  6 leopard geckos
  30 orcs
  2 ball pythons
  3 giant cockroaches
  5 goblins
  2 hobgoblins
  11 jackals
  12 kobolds
  3 quokkas
  A ball python skeleton (D:5)
  9 bats
  6 frilled lizards
  A giant cockroach zombie (D:6)
  A jackal skeleton (D:5)
  A quokka zombie (D:6)
  3 rats
  A plant (Lair:3)
347 creatures vanquished.

Vanquished Creatures (others)
  An orc wizard (D:5)
  A worker ant zombie (D:11)
  2 adders
  4 fungi
  9 plants (D:11)
17 creatures vanquished.

Grand Total: 364 creatures vanquished

Notes
Turn   | Place    | Note
-------+----------+-------------------------------------------
     0 | D:1      | Berahthraban the Draconian Conjurer began the quest for the Orb.
     0 | D:1      | Reached XP level 1. HP: 14/14 MP: 3/3
   290 | D:1      | Reached XP level 2. HP: 22/22 MP: 3/5
   294 | D:1      | Learned a level 2 spell: Searing Ray
   562 | D:2      | Reached skill level 1 in Fighting
   784 | D:2      | Reached XP level 3. HP: 27/28 MP: 2/6
  1343 | D:3      | Reached XP level 4. HP: 35/35 MP: 2/7
  2063 | D:4      | Reached XP level 5. HP: 26/41 MP: 0/9
  2281 | D:4      | Found a staircase to the Ecumenical Temple.
  2290 | Temple   | Entered the Ecumenical Temple
  2325 | Temple   | Became a worshipper of Sif Muna the Loreminder
  2540 | D:4      | Found Gujai's Distillery.
  2544 | D:4      | Bought a potion of heal wounds for 65 gold pieces
  2992 | D:5      | Entered Level 5 of the Dungeon
  3060 | D:5      | Reached XP level 6. HP: 41/50 MP: 1/10
  3146 | D:5      | Noticed Edmund
  3261 | D:5      | Killed Edmund
  3261 | D:5      | Reached skill level 5 in Conjurations
  3305 | D:5      | Noticed Eustachio
  3694 | D:5      | Your scales start taking on a pale cyan-grey colour.
  3694 | D:5      | Reached XP level 7. HP: 29/57 MP: 0/12
  4039 | D:5      | Noticed Ijyb
  4061 | D:5      | Killed Ijyb
  4120 | D:6      | Reached skill level 5 in Dodging
  4452 | D:6      | Noticed Pikel
  4456 | D:6      | Reached XP level 8. HP: 67/67 MP: 11/14
  4484 | D:6      | Killed Pikel
  4484 | D:6      | Reached * piety under Sif Muna
  4484 | D:6      | Reached skill level 5 in Fighting
  5276 | D:7      | Found a deep blue altar of Sif Muna.
  5310 | D:7      | Reached skill level 5 in Spellcasting
  5423 | D:7      | Reached XP level 9. HP: 49/75 MP: 5/16
  7447 | D:9      | Learned a level 4 spell: Iskenderun's Mystic Blast
  7478 | D:10     | Entered Level 10 of the Dungeon
  7478 | D:10     | Found Rys Kac's Assorted Antiques.
  7680 | D:10     | Learned a level 3 spell: Mephitic Cloud
  7683 | D:10     | Learned a level 2 spell: Blink
  7723 | D:10     | Reached skill level 1 in Shields
  7733 | D:10     | Reached skill level 2 in Shields
  7998 | D:10     | Noticed a purple ugly thing
  8007 | D:10     | Killed a purple ugly thing
  8007 | D:10     | Reached skill level 3 in Shields
  8007 | D:10     | Reached XP level 10. HP: 78/84 MP: 11/19
  8027 | D:10     | Reached skill level 4 in Shields
  8119 | D:10     | Reached skill level 5 in Shields
  8438 | D:10     | Reached skill level 6 in Shields
  8666 | D:10     | Reached ** piety under Sif Muna
  8666 | D:10     | Reached skill level 7 in Shields
  9808 | D:5      | Killed Eustachio
  9808 | D:5      | Reached skill level 1 in Translocations
  9808 | D:5      | Reached skill level 1 in Poison Magic
 10134 | D:11     | Reached skill level 1 in Air Magic
 10223 | D:11     | Got a bloodstained shield
 10302 | D:11     | Found a roughly hewn altar of Beogh.
 10341 | D:11     | Noticed Maurice
 10347 | D:11     | Killed Maurice
 10408 | D:11     | Found a staircase to the Orcish Mines.
 10469 | D:11     | Reached XP level 11. HP: 92/92 MP: 5/20
 10492 | D:11     | Reached *** piety under Sif Muna
 10629 | D:11     | Noticed a two-headed ogre
 10635 | D:11     | Killed a two-headed ogre
 10704 | D:11     | Got a coiled ivory ring
 10705 | D:11     | Identified the ring "Kulyjorr" {rElec rN+ Slay+2 Stlth+} (You found it on level 11 of the Dungeon)
 10810 | D:11     | Found a staircase to the Lair.
 11086 | D:11     | Noticed an ogre mage
 11093 | D:11     | Paralysed by an ogre mage for 7 turns
 11102 | D:11     | Killed an ogre mage
 11245 | D:11     | Noticed a shadow dragon
 11341 | D:11     | Noticed a four-headed hydra
 11395 | D:11     | Killed a five-headed hydra
 11493 | D:11     | Noticed a two-headed ogre
 11499 | D:11     | Killed a two-headed ogre
 11598 | D:12     | Reached **** piety under Sif Muna
 11598 | D:12     | Reached skill level 8 in Shields
 12349 | D:12     | Noticed a skeletal warrior
 12422 | D:12     | Noticed an eight-headed hydra
 12443 | D:11     | Noticed a fire giant
 12453 | Lair:1   | Entered Level 1 of the Lair of Beasts
 12895 | Lair:1   | Reached XP level 12. HP: 88/101 MP: 15/22
 13104 | Lair:1   | Identified the cursed +0 shield "Jahin" {MR+ Str+6} (You found it on level 11 of the Dungeon)
 13541 | Lair:1   | Reached skill level 9 in Shields
 13836 | Lair:2   | Noticed Gastronok
 14006 | Lair:2   | Noticed a death yak
 14006 | Lair:2   | Noticed a death yak
 14087 | Lair:2   | Noticed a death yak
 14109 | Lair:2   | Noticed a death yak
 14354 | Lair:2   | Found a hole to the Spider Nest.
 14365 | Lair:2   | Reached skill level 10 in Shields
 14541 | Lair:2   | Noticed a seven-headed hydra
 14768 | Lair:3   | Noticed a four-headed hydra
 14907 | Lair:3   | Killed a four-headed hydra
 15051 | Lair:3   | Reached skill level 11 in Shields
 15309 | Lair:4   | Noticed a six-headed hydra
 15617 | Lair:4   | Found a staircase to the Shoals.
 15640 | Lair:4   | Noticed a five-headed hydra
 15664 | Lair:4   | Killed a five-headed hydra
 15985 | Lair:4   | Reached skill level 12 in Shields
 16497 | Lair:4   | Killed a six-headed hydra
 16980 | Lair:5   | Reached XP level 13. HP: 59/107 MP: 6/23
 17183 | Lair:5   | Slain by a death yak

Skill      XL: |  1  2  3  4  5  6  7  8  9 10 11 12 |
---------------+-------------------------------------+-----
Dodging        | 2 3 4 5 7 8 9 |  9.6
Fighting       | 1 2 3 4 5 6 7 8 |  8.2
Spellcasting   | 3 4 5 6 |  6.9
Conjurations   | 5 6 7 8 |  8.6
Shields        | 3 7 8 12 | 12.7
Stealth        | 2 3 |  3.7
Translocations | 1 3 4 |  4.0
Poison Magic   | 1 3 |  3.0
Air Magic      | 2 4 |  4.4

Action                   |  1- 3 |  4- 6 |  7- 9 | 10-12 | 13-15 || total
-------------------------+-------+-------+-------+-------+-------++-------
Melee: Unarmed           |    13 |       |       |       |       ||    13
       Tailslap          |     3 |     4 |     7 |    15 |     1 ||    30
       Dagger            |    19 |    52 |    70 |       |       ||   141
       Scimitar          |       |       |       |    64 |       ||    64
 Cast: Magic Dart        |    20 |     8 |    16 |    58 |     1 ||   103
       Searing Ray       |    13 |    30 |    72 |   162 |     5 ||   282
       Iskenderun's Myst |       |       |       |    33 |       ||    33
       Mephitic Cloud    |       |       |       |     2 |       ||     2
Invok: Divine Energy     |       |       |     1 |       |       ||     1
 Abil: Breathe Steam     |       |       |    10 |    47 |     2 ||    59
  Use: Scroll            |     7 |     8 |     7 |     7 |       ||    29
       Potion            |       |     3 |     2 |     5 |       ||    10
 Stab: Sleeping          |       |       |       |     8 |       ||     8
  Eat: Chunk             |     2 |     8 |    16 |    31 |     1 ||    58
       Fruit             |       |       |       |     7 |       ||     7
Armor: Skin              |    15 |    37 |    80 |    76 |     1 ||   209
Dodge: Dodged            |    32 |    78 |   200 |   262 |     7 ||   579
Block: Shield            |       |       |     9 |   226 |     2 ||   237
       Rpst.: Scimitar   |       |       |     4 |    72 |     2 ||    78
